 Dungeon Crawl Stone Soup version 0.32-a0-616-g9348d4545b (webtiles) character file.

Game seed: 12941517921796653945

576 jasper the Trooper (level 7, -9/56 HPs)
             Began as a Demonspawn Shapeshifter on Mar 5, 2024.
             Was an Initiate of Wu Jian.
             Mangled by an ogre
             ... wielding a +0 giant club
              (17 damage)
             ... on level 5 of the Dungeon.
             The game lasted 00:08:27 (4063 turns).

jasper the Trooper (Demonspawn Shapeshifter)        Turns: 4063, Time: 00:08:27

Health: -9/56      AC:  6    Str: 16    XL:     7   Next: 13%
Magic:  7/7        EV:  8    Int:  9    God:    Wu Jian [......]
Gold:   266        SH:  9    Dex: 16    Spells: 6/6 levels left

rFire   . .          .
                       - Unarmed
rCold   + + .        t - +0 kite shield
rNeg    . . .        u - +0 scale mail
rPois   .            (helmet currently unavailable)
rElec   .            (cloak currently unavailable)
rCorr   +            (gloves currently unavailable)
SInv    .            (boots currently unavailable)
Will    .....        A - amulet "Kiuxore" {Acrobat rC++ rCorr Int-3 Dex+3} Stlth
                     (no ring)
HPRegen 0.29/turn    (no ring)
MPRegen 0.10/turn

%: acrobat
@: mighty, beast-form
A: beast (slay +1), antennae 2, foul stench 1, powered by death 1, big brain 1
a: Begin Untransformation, Renounce Religion


You were on level 5 of the Dungeon.
You worshipped Wu Jian.
Wu Jian was noncommittal.
You were a hulking beast.
You visited 2 branches of the dungeon, and saw 6 of its levels.

You collected 266 gold pieces.

Inventory:

Hand Weapons
 g - a +0 spear
 k - a +0 sling
Missiles
 i - 33 stones (quivered)
 q - 4 silver javelins
 v - 3 javelins
 y - 5 boomerangs
Armour
 a - a +0 animal skin
 h - a +0 leather armour
 j - a +0 ring mail
 p - a +1 pair of boots
 t - a +0 kite shield (worn)
 u - a +0 scale mail (worn)
Jewellery
 A - the amulet "Kiuxore" (around neck) {Acrobat rC++ rCorr Int-3 Dex+3}
   (You found it on level 3 of the Dungeon)

   [amulet of the acrobat]

   Acrobat:   It increases your evasion while moving and waiting.
   Int-3:     It affects your intelligence (-3).
   Dex+3:     It affects your dexterity (+3).
   rC++:      It greatly protects you from cold.
   rCorr:     It protects you from acid and corrosion.
Talismans
 c - a beast talisman (active)
 d - a flux talisman
Scrolls
 e - a scroll of identify
 l - a scroll of blinking
 s - a scroll of revelation
Potions
 b - 2 potions of degeneration {unknown}
 f - 3 potions of curing
 m - 2 potions of magic
 o - a potion of might
 x - a potion of enlightenment
 z - a potion of ambrosia


   Skills:
 + Level 5.1 Fighting
 - Level 1.7 Dodging
 + Level 2.7 Shields
 * Level 5.0 Unarmed Combat
 - Level 2.6 Shapeshifting


You had 6 spell levels left.
You didn't know any spells.
Your spell library was empty.

Dungeon Overview and Level Annotations

Branches:
Dungeon (5/15)             Temple (1/1) D:4

Altars:
Ashenzari
Cheibriados
Gozag
Hepliaklqana
Makhleb
Nemelex Xobeh
Okawaru
Trog
Uskayaw
Vehumet
Wu Jian
Yredelemnul

Shops:
D:2 [


Innate Abilities, Weirdness & Mutations

You are a hulking beast.
Your limbs bulge with bestial killing power. (Slay +1)
You have a pair of antennae on your head.
You may rarely emit foul miasma when damaged in melee.
You regenerate a little health from kills.
You have an unusually large brain. (Int +2)


Message History

You kill the orc!
The Council accepts your kill.
You barely miss the ogre.
The ogre hits you with a +0 giant club!!
You take 26 damage, and have 28/56 hp.
MASSIVE DAMAGE!!
You punch the ogre!
The ogre is moderately wounded.
You block the ogre's attack.
You barely miss the ogre.
The ogre is moderately wounded.
An orc priest comes into view. It is wielding a +0 trident.
You hit the ogre.
The ogre is heavily wounded.
The orc hits you but does no damage.
The ogre hits you with a +0 giant club!!
* * * LOW HITPOINT WARNING * * *
You block the orc's attack. x3
You take 22 damage, and have 6/56 hp.
MASSIVE DAMAGE!!
The orc misses you. The ogre attacks as it pursues you! The ogre misses you.
You see here a scroll of identify.
You feel much better.
You regained 31 hp, and now have 37/56 hp.
You feel much better.
The ogre hits you with a +0 giant club!!
You block the orc's attack.
You take 6 damage, and have 31/56 hp.
You closely miss the ogre.
The ogre is heavily wounded.
The ogre hits you with a +0 giant club!!
* * * LOW HITPOINT WARNING * * *
The orc hits you but does no damage.
You take 19 damage, and have 12/56 hp.
MASSIVE DAMAGE!!
You punch the ogre!
The ogre is almost dead.
The orc hits you but does no damage.
The orc priest hits you from afar with a +0 trident.
* * * LOW HITPOINT WARNING * * *
The ogre hits you with a +0 giant club!
You die...

#. #......#####.#.#<
.#.# #......# #.#.##
....##......#####.#...
..................####
?....#................
#.........####..####
#.......# #..####
.#..#####.......#
#..##..
......)oOh..#####
#..#..# ?...#..o#oo.#
#......
................
###.#..
...#########....#
#.#.. .# .##(((##...#
#.### .##(#(#(#...#
_.#...#((#.....
..##.#.#.#.....


You could see an ogre, 8 dancing weapons, an orc priest and 3 orcs.

Vanquished Creatures
  An ogre (D:4)
  A phantom (D:4)
  A scorpion (D:4)
  A jelly (D:4)
  A bombardier beetle (D:4)
  Jessica (D:3)
  4 iguanas (D:4)
  6 adders
  2 ribbon worms
  2 dart slugs
  3 orcs
  13 ball pythons
  4 endoplasms
  6 giant cockroaches
  11 goblins
  6 hobgoblins
  10 jackals
  9 kobolds
  5 quokkas
  8 bats
  3 frilled lizards
  4 rats
102 creatures vanquished.

Notes
Turn   | Place    | Note
-------+----------+-------------------------------------------
     0 | D:1      | jasper the Demonspawn Shapeshifter began the quest for the
                  | Orb.
     0 | D:1      | Reached XP level 1. HP: 15/15 MP: 1/1
   152 | D:1      | Gained mutation: You have a pair of small antennae on your
                  | head. [demonic ancestry]
   152 | D:1      | Reached XP level 2. HP: 22/22 MP: 2/2
   559 | D:1      | Gained mutation: You have a pair of antennae on your head.
                  | [demonic ancestry]
   559 | D:1      | Reached XP level 3. HP: 29/29 MP: 3/3
  1180 | D:2      | Found Wayst's Antique Armour Boutique.
  1259 | D:2      | Gained mutation: You regenerate a little health from kills.
                  | [demonic ancestry]
  1259 | D:2      | Reached XP level 4. HP: 35/37 MP: 4/4
  2013 | D:3      | Noticed Jessica
  2017 | D:3      | Killed Jessica
  2263 | D:3      | Gained mutation: You may rarely emit foul miasma when
                  | damaged in melee. [demonic ancestry]
  2263 | D:3      | Reached XP level 5. HP: 42/42 MP: 5/5
  2352 | D:3      | Found a faded altar of an unknown god.
  2356 | D:3      | Reached skill level 1 in Shields
  2458 | D:3      | Identified the amulet "Kiuxore" {Acrobat rC++ rCorr Int-3
                  | Dex+3}
  2628 | D:4      | Noticed a phantom
  2649 | D:4      | Killed a phantom
  2761 | D:4      | Noticed an ogre
  2766 | D:4      | Killed an ogre
  2767 | D:4      | Gained mutation: You have an unusually large brain. (Int
                  | +2) [demonic ancestry]
  2767 | D:4      | Reached XP level 6. HP: 30/49 MP: 6/6
  2973 | D:4      | Reached skill level 5 in Fighting
  3120 | D:4      | Found a bloodstained altar of Trog.
  3351 | D:4      | Reached XP level 7. HP: 56/56 MP: 7/7
  3387 | D:4      | Found a staircase to the Ecumenical Temple.
  3397 | Temple   | Entered the Ecumenical Temple
  3410 | Temple   | Became a worshipper of the Wu Jian Council
  3530 | D:4      | Found a sparkling altar of Nemelex Xobeh.
  3807 | D:5      | Entered Level 5 of the Dungeon
  4016 | D:5      | Reached skill level 5 in Unarmed Combat
  4042 | D:5      | Noticed a +0 short sword
  4042 | D:5      | Noticed a +0 short sword
  4042 | D:5      | Noticed a +0 dagger
  4042 | D:5      | Noticed a +0 falchion
  4042 | D:5      | Noticed a +0 spear
  4042 | D:5      | Noticed a +0 falchion
  4043 | D:5      | Noticed a +0 dagger
  4044 | D:5      | Found a hide-covered altar of Uskayaw.
  4044 | D:5      | Noticed a +0 spear
  4063 | D:5      | Mangled by an ogre

Illustrated notes

Levels and vault maps discovered:
D:1:      amcnicky_arrival_flooded_fountain, layout_basic
D:2:      layout_basic, serial_shops, nicolae_shop_tiny_glass,
          minmay_misc_feat_room, minivault_11
D:3:      layout_basic, nicolae_elyvilon_temple_path,
          shapermc_ecumenical_altar_mp_urbaneastern, uniq_jessica
D:4:      minmay_diamond_boxcup, layout_cave_pools,
          mainiacjoe_overflow_cross_hatched, mainiacjoe_overflow_alcove_4,
          minmay_temple_entry_purple_smoke, hangedman_glass_teeth
D:5:      layout_basic, lemuel_coloured_pillars_altar, grunt_dithmenos_shadows,
          tso_metal_star, nicolae_uskayaw_en_pointe, nicolae_shop_clearance
Temple:   dpeg_chambers_temple

Skill      XL: |  1  2  3  4  5  6  7 |
---------------+----------------------+-----
Fighting       | 2 3 4 5 |  5.1
Unarmed Combat | 3 4 5 |  5.0
Shields        | 2 |  2.7
Dodging        | |  1.7
Shapeshifting  | |  2.6

Action                     |  1- 3 |  4- 6 |  7- 9 || total
---------------------------+-------+-------+-------++-------
  Melee: Unarmed           |   156 |   210 |    32 ||   398
         Punch             |     2 |       |       ||     2
   Fire: Sling             |     7 |       |       ||     7
  Throw: Stone             |    17 |    17 |     3 ||    37
         Javelin           |       |     2 |       ||     2
Ability: Lunge             |       |       |     2 ||     2
    Use: Potion            |       |     1 |     3 ||     4
         Scroll            |       |    10 |       ||    10
 Armour: Animal skin       |     3 |       |       ||     3
         Ring mail         |   112 |     3 |       ||   115
         Scale mail        |       |   112 |    24 ||   136
         Skin              |       |     2 |       ||     2
  Dodge: Dodged            |   134 |    71 |     6 ||   211
  Block: Kite shield       |       |    78 |    15 ||    93

Table legend: (Time is in decaauts)
 A = Elapsed time spent in this place.
 B = Non-inter-level travel time spent in this place.
 C = Inter-level travel time spent in this place.
 D = Time resting spent in this place.
 E = Time spent auto-exploring this place.
 F = Levels seen in this place.
 G = Mean time per level.
                   A        B        C        D        E       F      G
               +--------+--------+--------+--------+--------+-----+--------+
         Total |   4091 |   3876 |    215 |     36 |   2808 |   6 |  681.8 |
       Dungeon |   4064 |   3873 |    191 |     36 |   2808 |   5 |  812.8 |
        Temple |     26 |      2 |     24 |      0 |      0 |   1 |   26.0 |
               +--------+--------+--------+--------+--------+-----+--------+

Top non-repeatable levels by time:
     D:4: 1167 daAuts
     D:2: 1033 daAuts
     D:1: 883 daAuts
     D:3: 722 daAuts
     D:5: 257 daAuts
  Temple: 26 daAuts
